Map: 블랙번 - 래더

Players

Classic - Winner!

  • Race: Protoss Protoss
  • League: Master

Dream

  • Race: Terran Terran
  • League: Master

VOD

Have the link to the VOD?

Description

Time

  • Played on: Oct. 21, 2021, 11:14 a.m.
  • Length: 11:40
Show
View Real Time Build Order
Export as new Build Order

Classic Protoss - Winner!

Build Orders: 1 Gate Expand, Oracle Opening 

Get SALT Encoding   

  12  0:00  Probe  
  13  0:12  Probe  
  14  0:17  Pylon  
  14  0:24  Probe  
  15  0:35  Gateway  
  15  0:38  Probe (Chrono Boost)  
  16  0:47  Probe (Chrono Boost), Assimilator  
  17  0:52  Probe (Chrono Boost)  
  19  1:04  Probe  
  19  1:16  Probe  
  20  1:24  Nexus  
  20  1:34  Cybernetics Core  
  20  1:37  Probe  
  21  1:42  Assimilator  
  21  1:49  Probe  
  21  1:52  Pylon  
  22  2:01  Probe  
  22  2:08  Adept (Chrono Boost)  
  23  2:13  Probe  
  26  2:21  Stargate  
  26  2:25  Probe  
  26  2:26  Warp Gate  
  27  2:34  Stalker  
  29  2:37  Probe (Chrono Boost)  
  29  2:38  Probe (Chrono Boost)  
  31  2:47  Probe x2 (Chrono Boost)  
  33  2:52  Probe x2 (Chrono Boost)  
  35  3:03  Oracle (Chrono Boost)  
  35  3:04  Probe x2  
  40  3:16  Probe x2  
  40  3:17  Pylon  
  42  3:25  Gateway  
  42  3:28  Probe x2  
  42  3:33  Oracle (Chrono Boost)  
  44  3:40  Probe x2, Gateway  
  49  3:46  Pylon  
  49  3:53  Probe x2  
  51  4:01  Nexus  
  51  4:05  Assimilator  
  51  4:06  Probe, Assimilator  
  51  4:08  Probe  
  53  4:15  Stalker  
  55  4:19  Stalker  
  55  4:21  Probe x2  
  59  4:27  Pylon  
  59  4:31  Twilight Council  
  59  4:34  Probe x2  
  59  4:37  Forge  
  61  4:45  Robotics Facility  
  61  4:46  Probe x2 (Chrono Boost)  
  63  4:56  Probe x2 (Chrono Boost)  
  65  5:02  Probe x2  
  65  5:04  Protoss Ground Weapons Level 1  
  67  5:08  Charge  
  67  5:11  Templar Archives  
  67  5:14  Probe x2  
  69  5:24  Probe  
  69  5:26  Probe  
  71  5:31  Psionic Storm  
  71  5:34  Probe, Gateway  
  71  5:35  Pylon, Gateway  
  69  5:36  Probe  
  69  5:38  Probe  
  69  5:39  Gateway  
  71  5:42  Gateway  
  71  5:43  Gateway, Warp Prism (Chrono Boost)  
  71  5:47  Assimilator  
  73  5:54  Pylon  
  73  5:57  Probe x3  
  73  5:58  Assimilator  
  73  5:59  High Templar  
  73  6:00  High Templar  
  73  6:02  Zealot  
  82  6:05  Pylon  
  82  6:14  Observer, Gateway  
  82  6:17  Pylon  
  83  6:18  Gateway  
  83  6:24  Nexus  
  83  6:26  Pylon  
  83  6:29  High Templar x2  
  91  6:40  Immortal (Chrono Boost)  
  91  6:47  High Templar  
  91  6:51  Zealot  
  91  6:52  Zealot  
  91  6:54  Zealot x2, High Templar  
  95  7:09  High Templar  
  95  7:11  Zealot x2  
  95  7:13  Protoss Ground Weapons Level 2  
  95  7:14  Zealot x4, High Templar  
  113  7:15  Warp Prism (Chrono Boost)  
  113  7:16  Probe x2  
  113  7:17  Probe  
  113  7:19  Pylon  
  113  7:21  Pylon, Zealot  
  113  7:22  Pylon  
  118  7:24  Pylon  
  118  7:32  Zealot x3  
  124  7:40  Zealot x4  
  124  7:41  Photon Cannon  
  124  7:42  Zealot x2  
  124  7:43  Observer (Chrono Boost)  
  133  7:47  Pylon  
  134  7:57  Robotics Bay, Robotics Facility  
  134  8:07  Zealot x3  
  134  8:08  Zealot x6  
  134  8:11  Zealot  
  123  8:28  Archon  
  123  8:33  Zealot x8  
  123  8:34  Zealot x2  
  135  8:43  Colossus x2 (Chrono Boost)  
  147  8:50  Extended Thermal Lance  
  147  8:52  Probe x4  
  147  8:54  High Templar  
  147  8:55  High Templar  
  155  9:06  High Templar  
  157  9:13  Blink  
  157  9:15  Zealot x3, High Templar x2  
  157  9:16  Zealot x2  
  171  9:20  Archon, Assimilator  
  171  9:22  Pylon  
  171  9:23  Pylon  
  171  9:24  Assimilator  
  171  9:27  Protoss Ground Armor Level 1  
  171  9:31  Colossus (Chrono Boost)  
  176  9:50  Stalker x7  
  190  9:57  Pylon  
  191  10:01  Observer (Chrono Boost)  
  187  10:07  Stalker x2  
  187  10:08  Stalker  
  187  10:15  Zealot x5  
  159  10:33  Stalker x5  
  159  10:38  Zealot x5  
  146  11:02  Zealot x2  
  146  11:03  Zealot x5  
  126  11:08  Zealot x3  
  100  11:30  Zealot x3  
  100  11:31  Zealot x3  
Show
View Real Time Build Order
Export as new Build Order

Dream Terran 

Build Orders:  

Get SALT Encoding   

  12  0:00  SCV  
  13  0:12  SCV  
  14  0:17  Supply Depot  
  14  0:24  SCV  
  15  0:39  Barracks, SCV  
  16  0:44  Refinery  
  16  0:51  SCV  
  17  1:03  SCV  
  18  1:15  SCV  
  19  1:26  Marine  
  19  1:27  Orbital Command  
  20  1:46  Command Center  
  20  1:48  Barracks Reactor  
  20  1:53  SCV  
  21  2:04  Supply Depot  
  21  2:05  SCV  
  22  2:13  Barracks  
  22  2:17  SCV  
  23  2:25  Marine x2  
  23  2:29  SCV  
  26  2:41  SCV  
  26  2:43  Marine x2  
  29  2:51  Command Center  
  29  2:54  SCV  
  30  3:03  Orbital Command  
  30  3:06  SCV  
  30  3:08  Marine  
  30  3:10  Marine  
  30  3:12  Barracks Tech Lab  
  33  3:18  SCV  
  34  3:28  Marine x2  
  34  3:30  SCV x2  
  34  3:31  Marine  
  34  3:32  Stimpack  
  39  3:37  Engineering Bay  
  39  3:42  SCV  
  39  3:43  SCV  
  39  3:46  Marine x2, Supply Depot  
  43  3:49  Marine  
  43  3:54  SCV  
  43  3:55  SCV  
  45  3:57  Factory  
  45  4:03  Orbital Command  
  45  4:06  Marine, SCV  
  45  4:07  SCV  
  45  4:08  Marine  
  49  4:10  Marine  
  50  4:18  SCV  
  50  4:19  Terran Infantry Weapons Level 1, SCV  
  50  4:20  Missile Turret  
  52  4:26  Marine  
  52  4:28  Marine  
  52  4:29  Marine  
  52  4:31  SCV  
  56  4:32  SCV x2  
  56  4:36  Refinery x2  
  58  4:41  Missile Turret  
  58  4:42  Starport, Factory Reactor  
  58  4:43  SCV  
  58  4:45  SCV  
  60  4:46  SCV  
  60  4:48  Marine  
  60  4:49  Marine  
  63  4:55  Marine  
  63  4:57  SCV x2  
  65  5:06  Marine  
  62  5:07  SCV  
  62  5:10  SCV  
  62  5:12  Barracks  
  62  5:13  SCV  
  62  5:14  Refinery, Bunker  
  65  5:15  Barracks  
  65  5:16  Bunker  
  65  5:17  Marine  
  66  5:25  SCV x2  
  67  5:31  Combat Shield  
  67  5:34  Marauder  
  69  5:35  Supply Depot  
  69  5:41  Marine, Medivac x2  
  74  5:44  SCV x2  
  74  5:45  Barracks  
  74  5:46  Supply Depot  
  74  5:48  Factory Reactor  
  76  5:51  Orbital Command  
  76  5:56  SCV  
  77  5:57  Marine, SCV  
  77  5:58  Supply Depot  
  77  6:00  Marauder  
  77  6:01  Marine  
  77  6:03  Barracks Reactor, Barracks Tech Lab  
  82  6:08  SCV  
  82  6:09  SCV  
  84  6:13  Medivac x2  
  84  6:16  Marine  
  84  6:17  SCV  
  90  6:19  Marine  
  90  6:20  SCV  
  90  6:21  SCV  
  90  6:23  Supply Depot  
  93  6:27  Terran Infantry Armor Level 1  
  93  6:28  Marine x2  
  93  6:29  SCV  
  93  6:32  SCV, Refinery  
  97  6:33  SCV  
  97  6:34  Marine  
  97  6:35  Armory  
  97  6:38  Marine  
  100  6:42  Marine  
  100  6:43  Marine, Barracks Tech Lab  
  100  6:45  Supply Depot  
  100  6:47  SCV  
  102  6:48  SCV  
  102  6:51  Supply Depot  
  102  6:53  Engineering Bay  
  103  6:55  Marine x3  
  103  6:56  Marine  
  106  7:02  SCV x2  
  106  7:03  Marine x2  
  106  7:05  Marauder  
  106  7:07  Supply Depot, SCV  
  110  7:12  Widow Mine x2  
  110  7:13  Marine  
  110  7:14  SCV x2  
  117  7:16  Medivac x2  
  117  7:17  Marine  
  122  7:23  SCV  
  122  7:26  Terran Infantry Weapons Level 2  
  122  7:28  Marine  
  122  7:29  Marine  
  124  7:33  Refinery  
  124  7:36  Marine, Marauder x3  
  131  7:37  Marine  
  131  7:38  Ghost Academy  
  131  7:41  SCV  
  133  7:49  Supply Depot  
  133  7:50  Supply Depot  
  133  7:52  Supply Depot  
  133  7:53  Concussive Shells  
  133  7:54  Supply Depot  
  133  7:55  SCV x2  
  135  8:01  Widow Mine x2  
  135  8:02  Marine x3  
  135  8:03  Missile Turret  
  141  8:08  Missile Turret  
  141  8:10  Ghost x3  
  146  8:23  Widow Mine  
  127  8:28  Orbital Command  
  127  8:29  Marine x2  
  116  8:37  Marine x2  
  116  8:38  Ghost x2  
  113  8:41  Viking x2  
  113  8:44  Widow Mine x2  
  121  8:49  Marine x2  
  121  8:51  Terran Infantry Armor Level 2  
  121  8:55  Marine x2  
  123  8:58  SCV x3  
  123  9:00  Ghost  
  130  9:03  Refinery  
  130  9:07  Marine x2  
  132  9:10  SCV x2  
  132  9:13  Marine, Marauder  
  132  9:14  Viking, Marauder  
  132  9:15  Marine  
  142  9:22  SCV  
  143  9:25  Marine  
  143  9:26  Viking  
  143  9:30  Marauder  
  143  9:31  Marine  
  148  9:32  Widow Mine x2  
  148  9:33  Marine  
  148  9:34  Marine  
  148  9:35  Marauder  
  157  9:43  Marine  
  157  9:49  Marine  
  157  9:51  Marine x2  
  160  9:53  Medivac, Widow Mine x2  
  160  9:54  Command Center, Ghost  
  160  9:56  Medivac  
  160  9:57  Ghost  
  171  10:08  Supply Depot  
  171  10:10  Supply Depot  
  171  10:12  Marine x2  
  173  10:18  Marine x2  
  159  10:23  Viking  
  159  10:26  Viking  
  159  10:27  Marine, Marauder x2  
  146  10:30  Marine x2  
  131  10:44  Marine, Ghost  
  131  10:48  Ghost  
  136  10:53  Viking  
  136  10:54  Marauder  
  136  10:56  Medivac  
  136  11:01  Marine  
  88  11:14  Marauder  
  88  11:16  Marine, Marauder  
  88  11:17  Marauder  
Tags
 
Add a new tag
Caveats
  • Supply blocks, unpowered buildings, or Contaminate may cause inaccurate times.
  • Supply counts are checked every 10 seconds.